 Dungeon Crawl Stone Soup version 0.23.1 (webtiles) character file.

Game seed: 2400847862077485239

2928 myga the Ogre Mage (level 9, -4/87 HPs)
             Began as an Ogre Air Elementalist on Mar 19, 2019.
             Was a Priest of Fedhas.
             Slain by a scorpion (8 damage)
             ... on level 7 of the Dungeon.
             The game lasted 00:55:06 (7962 turns).

myga the Ogre Mage (Ogre Air Elementalist)          Turns: 7962, Time: 00:55:07

Health: -4/87      AC:  4    Str: 14    XL:     9   Next: 79%
Magic:  2/17       EV: 12    Int: 16    God:    Fedhas [***...]
Gold:   373        SH:  0    Dex: 12    Spells: 4/19 levels left

rFire    . . .     SeeInvis .   n - +4 rapier
rCold    . . .     Gourm    .   (no shield)
rNeg     . . .     Faith    .   o - +1 robe
rPois    .         Spirit   .   (helmet restricted)
rElec    .         Reflect  .   (no cloak)
rCorr    .         Harm     .   (gloves unavailable)
MR       .....                  (boots unavailable)
Stlth    ++........             (no amulet)
HPRegen  0.24/turn              (no ring)
MPRegen  0.15/turn              (no ring)

@: sluggish, very slightly contaminated, very slow
A: large, unfitting armour, tough skin 1
a: Fungal Bloom, Sunlight, Evolution, Growth, Renounce Religion


You were on level 7 of the Dungeon.
You worshipped Fedhas.
Fedhas was most pleased with you.
You were not hungry.

You visited 2 branches of the dungeon, and saw 8 of its levels.
You also visited: Sewer.

You collected 373 gold pieces.

Inventory:

Hand Weapons
 g - a +0 scimitar
 n - a +4 rapier (weapon)
 q - a +2 dagger of chaos
Missiles
 i - 167 stones
 p - 4 tomahawks (quivered)
 t - 5 javelins
Armour
 a - a +0 robe
 b - a +0 robe
 j - a +0 robe
 o - a +1 robe (worn)
Scrolls
 e - a scroll of enchant weapon
 h - a scroll of identify
 l - 2 scrolls of amnesia
 m - a scroll of immolation
Potions
 d - a potion of curing
Comestibles
 c - 5 rations


   Skills:
 + Level 4.8 Fighting
 + Level 3.3 Short Blades
   Level 3.3 Maces & Flails
 + Level 4.3 Throwing
 + Level 2.3 Armour
 + Level 5.0 Dodging
 + Level 3.3 Stealth
 + Level 2.7 Unarmed Combat
 + Level 5.8 Spellcasting
 + Level 5.5 Conjurations
 + Level 2.6 Charms
 + Level 5.8 Air Magic
 + Level 3.3 Invocations


You had 4 spell levels left.
You knew the following spells:

 Your Spells              Type           Power        Failure   Level  Hunger
a - Shock                 Conj/Air       ###.         1%          1    None
b - Swiftness             Chrm/Air       ###.....     3%          2    #......
c - Static Discharge      Conj/Air       ###.....     4%          3    ##.....
d - Airstrike             Air            ###.......   13%         4    ####...
e - Lightning Bolt        Conj/Air       ###.......   36%         5    ######.

Your spell library contained the following spells:

 Spells                   Type           Power        Failure   Level  Hunger


Dungeon Overview and Level Annotations

Branches:
Dungeon (7/15)             Temple (1/1) D:5

Altars:
Cheibriados
Dithmenos
Elyvilon
Fedhas
Gozag
Hepliaklqana
Kikubaaqudgha
Makhleb
Nemelex Xobeh
Qazlal
Ru
Sif Muna
Trog
Uskayaw
Vehumet
Xom
Yredelemnul
Zin
The Shining One

Annotations:
D:7 Ijyb


Innate Abilities, Weirdness & Mutations

You are too large for most types of armour.
You have tough skin. (AC +1)


Message History

* * * LOW HITPOINT WARNING * * *
The yak snorts and paws the ground.
The yak gores you!
* * * LOW HITPOINT WARNING * * *
Okay, then.
Blink to where?
Press: ? - help, Dir - move target cursor
As you read the scroll of blinking, it crumbles to dust.
As you read the scroll of teleportation, it crumbles to dust.
You feel strangely unstable.
The yak snorts and paws the ground.
Your surroundings suddenly seem different.
Found 9 gold pieces and a ration.
A scorpion comes into view.
The helpless scorpion fails to defend itself.
You puncture the scorpion!
The scorpion is severely wounded.
The scorpion stings you!
You die...
Fedhas appreciates your contribution to the ecosystem.

#.....#
..
#.....#..
#.....#.
+......
#.....#
#.....#
#..s..#
#..@..#
#.....#
#.....#
#...$.#
#.%...#
#######


You could see a scorpion.

Vanquished Creatures
  Grinder (D:4)
  2 yaks (D:7)
  A human (D:7)
  An ice beast (D:6)
  A black bear (D:6)
  A phantom (D:6)
  2 ogres
  2 centaurs
  2 bullfrogs (Sewer)
  2 scorpions
  4 crimson imps (D:4)
  4 hounds
  3 orc wizards
  3 orc priests
  3 centaur skeletons
  An iguana (D:6)
  Natasha (twice) (D:4)
  5 worker ants
  A hound skeleton (D:4)
  A hound zombie (D:5)
  Robin (D:4)
  4 gnolls
  A howler monkey skeleton (D:6)
  15 adders
  A shadow imp (D:6)
  An ooze (D:4)
  2 adder skeletons
  2 dart slugs
  8 leopard geckos
  15 orcs
  3 ball pythons
  3 bats
  13 giant cockroaches
  12 goblins
  7 hobgoblins
  13 jackals
  9 frilled lizards
  6 kobolds
  7 rats
165 creatures vanquished.

Vanquished Creatures (collateral kills)
  Menkaure (D:5)
  A black bear (D:5)
  Blork the orc (D:5)
  An iguana (D:6)
4 creatures vanquished.

Vanquished Creatures (others)
  A wandering mushroom (D:6)
  A hornet zombie (D:4)
  88 toadstools
90 creatures vanquished.

Grand Total: 259 creatures vanquished

Notes
Turn   | Place    | Note
-------+----------+-------------------------------------------
     0 | D:1      | myga the Ogre Air Elementalist began the quest for the Orb.
     0 | D:1      | Reached XP level 1. HP: 16/16 MP: 3/3
   241 | D:1      | Reached XP level 2. HP: 18/24 MP: 0/5
   343 | D:1      | Learned a level 2 spell: Swiftness
   428 | D:1      | Reached skill level 1 in Conjurations
   474 | D:1      | Reached XP level 3. HP: 16/31 MP: 0/7
   720 | D:1      | Learned a level 3 spell: Static Discharge
  1565 | D:2      | Found a faded altar of an unknown god.
  1968 | D:2      | Found a blossoming altar of Fedhas.
  1976 | D:2      | Became a worshipper of Fedhas Madash
  2464 | D:3      | Reached XP level 4. HP: 39/39 MP: 5/8
  2883 | D:3      | Reached XP level 5. HP: 45/45 MP: 1/10
  2884 | D:3      | Reached * piety under Fedhas
  3041 | D:3      | Learned a level 4 spell: Airstrike
  3043 | D:4      | Noticed a phantom
  3070 | D:4      | Noticed Robin
  3369 | D:4      | Noticed Grinder
  3372 | D:4      | Paralysed by Grinder for 4 turns
  3375 | D:4      | Noticed Natasha
  3393 | D:4      | Killed Natasha
  3419 | D:4      | Reached XP level 6. HP: 24/62 MP: 0/13
  3431 | D:4      | Killed Grinder
  3431 | D:4      | Reached skill level 5 in Spellcasting
  3431 | D:4      | Reached XP level 7. HP: 25/70 MP: 0/14
  3924 | D:4      | Reached skill level 5 in Air Magic
  4077 | D:4      | Killed Robin
  4166 | D:4      | Found a shimmering altar of Xom.
  4461 | D:4      | Reached XP level 8. HP: 45/78 MP: 15/15
  4547 | D:4      | Learned a level 5 spell: Lightning Bolt
  4786 | D:4      | Noticed Natasha
  4793 | D:4      | Killed Natasha
  5122 | D:5      | Entered Level 5 of the Dungeon
  5320 | D:5      | Found a staircase to the Ecumenical Temple.
  5352 | D:5      | Reached ** piety under Fedhas
  5380 | D:5      | Noticed Blork the orc
  5960 | D:5      | Killed Blork the orc
  6205 | D:5      | Noticed Menkaure
  6216 | D:5      | Killed Menkaure
  6318 | Temple   | Entered the Ecumenical Temple
  6515 | D:6      | Found a radiant altar of Vehumet.
  6566 | D:6      | Reached XP level 9. HP: 82/85 MP: 11/17
  6776 | D:6      | Found a glowing drain.
  6806 | Sewer    | Entered a sewer
  7314 | D:6      | Reached skill level 5 in Dodging
  7382 | D:6      | Reached skill level 5 in Conjurations
  7477 | D:6      | Reached *** piety under Fedhas
  7754 | D:7      | Found a glowing golden altar of the Shining One.
  7761 | D:7      | Found a snail-covered altar of Cheibriados.
  7763 | D:7      | Found an ancient bone altar of Kikubaaqudgha.
  7916 | D:7      | Found a runed translucent door.
  7938 | D:7      | Noticed Ijyb
  7956 | D:7      | HP: 2/87 [yak (7)]
  7962 | D:7      | Slain by a scorpion

Skill      XL: |  1  2  3  4  5  6  7  8  9 |
---------------+----------------------------+-----
Air Magic      | 3 4 5 |  5.8
Dodging        | 2 4 5 |  5.0
Conjurations   | 1 2 3 4 5 |  5.5
Spellcasting   | 3 4 5 |  5.8
Fighting       | 4 |  4.8
Short Blades   | 2 3 |  3.3
Maces & Flails | 2 3 |  3.3
Throwing       | 3 4 |  4.3
Armour         | 2 |  2.3
Stealth        | 3 |  3.3
Unarmed Combat | 2 |  2.7
Charms         | 2 |  2.6
Invocations    | 3 |  3.3

Action                   |  1- 3 |  4- 6 |  7- 9 || total
-------------------------+-------+-------+-------++-------
Melee: Unarmed           |    10 |       |       ||    10
       Whip              |     6 |    18 |    66 ||    90
       Club              |     5 |       |       ||     5
       Dagger            |       |       |   132 ||   132
       Rapier            |       |       |     8 ||     8
Throw: Tomahawk          |     1 |     8 |    50 ||    59
       Stone             |       |     2 |    35 ||    37
 Cast: Shock             |    67 |    47 |   204 ||   318
       Static Discharge  |     4 |     2 |    22 ||    28
       Swiftness         |     1 |     1 |     2 ||     4
Invok: Fungal Bloom      |     1 |     8 |    30 ||    39
       Evolution         |       |       |     1 ||     1
       Sunlight          |       |       |     1 ||     1
  Use: Scroll            |     7 |     5 |     5 ||    17
       Potion            |       |     4 |     4 ||     8
 Stab: Sleeping          |     1 |       |     5 ||     6
  Eat: Chunk             |     5 |     4 |     9 ||    18
       Ration            |       |       |     2 ||     2
Armor: Robe              |     7 |    26 |    60 ||    93
Dodge: Dodged            |    25 |    37 |   144 ||   206
